| TOP OF THE 1ST |
|
Oakland Oaks batting - Pitching for Amarillo ThunderHeads : RHP Manny Campos
|
|
Pitching: RHP Manny Campos
|
|
|
Batting: RHB Marcus Kressley
|
0-0: Foul Ball, location: 2F 0-1: Foul Ball, location: 2F 0-2: Ball 1-2: Ball 2-2: Ball 3-2: Fly out, F7 (Line Drive, 7, EV 102.5 MPH)
|
|
Batting: RHB Alberto Malagon
|
0-0: Called Strike 0-1: Ball 1-1: Foul Ball, location: 2F 1-2: Strikes out swinging
|
|
Batting: LHB Alejandro Muniz
|
0-0: Ball 1-0: Called Strike 1-1: Ball 2-1: SINGLE (Groundball, 6MD, EV 98.1 MPH)
|
|
Batting: RHB Chris Temple
|
0-0: Called Strike 0-1: Ball 1-1: Ball 2-1: Foul Ball, location: 2F 2-2: Strikes out looking
|
| Top of the 1st over - 0 runs, 1 hit, 0 errors, 1 left on base; Oakland 0 - Amarillo 0 |
| BOTTOM OF THE 1ST |
|
Amarillo ThunderHeads batting - Pitching for Oakland Oaks : RHP Jon Hollman
|
|
Pitching: RHP Jon Hollman
|
|
|
Batting: SHB Zack Barton
|
0-0: Ball 1-0: Fly out, F8 (Flyball, 8RM, EV 89.4 MPH)
|
|
Batting: RHB Luis Reyna
|
0-0: Foul Ball, location: 2F 0-1: Ball 1-1: Ground out 5-3 (Groundball, 56S, EV 68.8 MPH)
|
|
Batting: SHB Tim Rogers
|
0-0: Called Strike 0-1: Ball 1-1: Ball 2-1: Swinging Strike 2-2: Ball 3-2: Base on Balls
|
|
Batting: RHB Nick Solberg
|
0-0: Ball Tim Rogers steals 2nd base 1-0: Ball 2-0: Called Strike 2-1: Foul Ball, location: 2F 2-2: Strikes out swinging
|
| Bottom of the 1st over - 0 runs, 0 hits, 0 errors, 1 left on base; Oakland 0 - Amarillo 0 |
| TOP OF THE 2ND |
|
Oakland Oaks batting - Pitching for Amarillo ThunderHeads : RHP Manny Campos
|
|
Batting: LHB Marcus Pollard
|
0-0: Ball 1-0: Ball 2-0: Ground out U3 (Groundball, 3, EV 88.8 MPH)
|
|
Batting: RHB Brian Rathbun
|
0-0: Called Strike 0-1: Ball 1-1: Ball 2-1: Ground out 6-3 (Groundball, 6, EV 99.4 MPH)
|
|
Batting: RHB Tim Anderson
|
0-0: Swinging Strike 0-1: Called Strike 0-2: Foul Ball, location: 2F 0-2: Ball 1-2: Ball 2-2: Ball 3-2: Strikes out swinging
|
| Top of the 2nd over - 0 runs, 0 hits, 0 errors, 0 left on base; Oakland 0 - Amarillo 0 |
| BOTTOM OF THE 2ND |
|
Amarillo ThunderHeads batting - Pitching for Oakland Oaks : RHP Jon Hollman
|
|
Batting: RHB Luis Solorzano
|
0-0: Ball 1-0: Fly out, F3 (Popup, 23F, EV 80.0 MPH)
|
|
Batting: RHB Ron Squires
|
0-0: Ball 1-0: Called Strike 1-1: Called Strike 1-2: Foul Ball, location: 2F 1-2: Strikes out looking and he ARGUES THE CALL AND IS TOSSED!
|
|
Batting: RHB Elias Sagrero
|
0-0: Called Strike 0-1: Foul Ball, location: 2F 0-2: Strikes out swinging
|
| Bottom of the 2nd over - 0 runs, 0 hits, 0 errors, 0 left on base; Oakland 0 - Amarillo 0 |
| TOP OF THE 3RD |
|
Oakland Oaks batting - Pitching for Amarillo ThunderHeads : RHP Manny Campos
|
|
Now in RF: Jerry Foster
|
|
|
Batting: RHB Jim Conrad
|
0-0: Ground out 5-3 (Groundball, 5L, EV 91.3 MPH)
|
|
Batting: RHB Jake Leffel
|
0-0: Ball 1-0: Called Strike 1-1: Swinging Strike 1-2: Foul Ball, location: 2F 1-2: Ball 2-2: Strikes out swinging
|
|
Batting: RHB Marcus Kressley
|
0-0: Ground out 4-3 (Groundball, 34, EV 85.6 MPH)
|
| Top of the 3rd over - 0 runs, 0 hits, 0 errors, 0 left on base; Oakland 0 - Amarillo 0 |
| BOTTOM OF THE 3RD |
|
Amarillo ThunderHeads batting - Pitching for Oakland Oaks : RHP Jon Hollman
|
|
Batting: SHB Tyler Romo
|
0-0: Ball 1-0: Ball 2-0: Ball 3-0: Base on Balls
|
|
Batting: RHB Ferdi Schipper
|
0-0: Ball Tyler Romo is caught stealing 2nd base 2-4 1-0: Foul Ball, location: 2F 1-1: Ball 2-1: Called Strike 2-2: Foul Ball, location: 2F 2-2: Foul Ball, location: 2F 2-2: Strikes out swinging
|
|
Batting: SHB Zack Barton
|
0-0: Fly out, F5 (Line Drive, 5, EV 66.9 MPH)
|
| Bottom of the 3rd over - 0 runs, 0 hits, 0 errors, 0 left on base; Oakland 0 - Amarillo 0 |
| TOP OF THE 4TH |
|
Oakland Oaks batting - Pitching for Amarillo ThunderHeads : RHP Manny Campos
|
|
Batting: RHB Alberto Malagon
|
0-0: Ground out 4-3 (Groundball, 4M, EV 100.6 MPH)
|
|
Batting: LHB Alejandro Muniz
|
0-0: Called Strike 0-1: Swinging Strike 0-2: Foul Ball, location: 2F 0-2: Foul Ball, location: 2F 0-2: Strikes out swinging
|
|
Batting: RHB Chris Temple
|
0-0: Ball 1-0: Called Strike 1-1: Foul Ball, location: 2F 1-2: Ball 2-2: Ball 3-2: SINGLE (Flyball, 9S, EV 89.4 MPH)
|
|
Batting: LHB Marcus Pollard
|
0-0: Ball 1-0: Foul Ball, location: 2F 1-1: Foul Ball, location: 2F 1-2: Ball 2-2: Strikes out swinging
|
| Top of the 4th over - 0 runs, 1 hit, 0 errors, 1 left on base; Oakland 0 - Amarillo 0 |
| BOTTOM OF THE 4TH |
|
Amarillo ThunderHeads batting - Pitching for Oakland Oaks : RHP Jon Hollman
|
|
Batting: RHB Luis Reyna
|
0-0: Called Strike 0-1: Fly out, F8 (Flyball, 8RS, EV 91.9 MPH)
|
|
Batting: SHB Tim Rogers
|
0-0: Foul Ball, location: 2F 0-1: Ball 1-1: Ball 2-1: Swinging Strike 2-2: Ball 3-2: Strikes out swinging
|
|
Batting: RHB Nick Solberg
|
0-0: SINGLE (Line Drive, 34, EV 99.4 MPH)
|
|
Batting: RHB Luis Solorzano
|
0-0: Called Strike Nick Solberg is caught stealing 2nd base 2-4
|
| Bottom of the 4th over - 0 runs, 1 hit, 0 errors, 0 left on base; Oakland 0 - Amarillo 0 |
| TOP OF THE 5TH |
|
Oakland Oaks batting - Pitching for Amarillo ThunderHeads : RHP Manny Campos
|
|
Batting: RHB Brian Rathbun
|
0-0: Ball 1-0: Called Strike 1-1: Ball 2-1: Foul Ball, location: 2F 2-2: Ball 3-2: Strikes out swinging
|
|
Batting: RHB Tim Anderson
|
0-0: Called Strike 0-1: Ball 1-1: Ball 2-1: Swinging Strike 2-2: Reached on error, E5 (Groundball, 56S, EV 85.0 MPH)
|
|
Batting: RHB Jim Conrad
|
0-0: Called Strike 0-1: Foul Ball, location: 2F 0-2: Foul Ball, location: 2F 0-2: Fly out, F8 (Flyball, 8RM, EV 77.5 MPH)
|
|
Batting: RHB Jake Leffel
|
0-0: Ball 1-0: Foul Ball, location: 2F 1-1: Called Strike Tim Anderson steals 2nd base 1-2: Foul Ball, location: 2F 1-2: Ball 2-2: Ball 3-2: Foul Ball, location: 2F 3-2: Reached on error, E5 (Groundball, 56S, EV 90.6 MPH) Tim Anderson to third
|
|
Batting: RHB Marcus Kressley
|
0-0: Swinging Strike 0-1: Ball 1-1: Called Strike Jake Leffel steals 2nd base 1-2: Ball 2-2: Foul Ball, location: 2F 2-2: Ground out 4-3 (Groundball, 4, EV 106.9 MPH)
|
| Top of the 5th over - 0 runs, 0 hits, 2 errors, 2 left on base; Oakland 0 - Amarillo 0 |
| BOTTOM OF THE 5TH |
|
Amarillo ThunderHeads batting - Pitching for Oakland Oaks : RHP Jon Hollman
|
|
Batting: RHB Luis Solorzano
|
0-0: Foul Ball, location: 2F 0-1: Ball 1-1: Ball 2-1: Foul Ball, location: 2F 2-2: Ground out 3-1 (Groundball, 34S, EV 90.6 MPH)
|
|
Batting: RHB Jerry Foster
|
0-0: Ball 1-0: Foul Ball, location: 2F 1-1: Ball 2-1: Ball 3-1: Base on Balls
|
|
Batting: RHB Elias Sagrero
|
0-0: Called Strike Jerry Foster steals 2nd base 0-1: Fly out, F8 (Flyball, 8LD, EV 86.3 MPH)
|
|
Batting: SHB Tyler Romo
|
0-0: Swinging Strike 0-1: Ball 1-1: Swinging Strike 1-2: Strikes out swinging
|
| Bottom of the 5th over - 0 runs, 0 hits, 0 errors, 1 left on base; Oakland 0 - Amarillo 0 |
| TOP OF THE 6TH |
|
Oakland Oaks batting - Pitching for Amarillo ThunderHeads : RHP Manny Campos
|
|
Batting: RHB Alberto Malagon
|
0-0: Called Strike 0-1: Ball 1-1: Ball 2-1: Ball 3-1: Fly out, F8 (Flyball, 8RM, EV 87.5 MPH)
|
|
Batting: LHB Alejandro Muniz
|
0-0: Called Strike 0-1: Foul Ball, location: 2F 0-2: Ball 1-2: Ball 2-2: Strikes out swinging
|
|
Batting: RHB Chris Temple
|
0-0: Ground out 6-3 (Groundball, 6MD, EV 87.5 MPH)
|
| Top of the 6th over - 0 runs, 0 hits, 0 errors, 0 left on base; Oakland 0 - Amarillo 0 |
| BOTTOM OF THE 6TH |
|
Amarillo ThunderHeads batting - Pitching for Oakland Oaks : RHP Jon Hollman
|
|
Pitching: RHP Kyle Gilbert
|
|
|
Batting: RHB Ferdi Schipper
|
0-0: Called Strike 0-1: Called Strike 0-2: Ball 1-2: Ball 2-2: Strikes out swinging
|
|
Batting: SHB Zack Barton
|
0-0: Foul Ball, location: 2F 0-1: Ball 1-1: Ball 2-1: Ball 3-1: SINGLE (Groundball, 34S, EV 75.0 MPH) (infield hit)
|
|
Batting: RHB Luis Reyna
|
0-0: Called Strike 0-1: Swinging Strike 0-2: Strikes out swinging
|
|
Batting: SHB Tim Rogers
|
0-0: Ball 1-0: Foul Ball, location: 2F 1-1: Called Strike 1-2: Ground out 4-3 (Groundball, 4, EV 85.6 MPH)
|
| Bottom of the 6th over - 0 runs, 1 hit, 0 errors, 1 left on base; Oakland 0 - Amarillo 0 |
| TOP OF THE 7TH |
|
Oakland Oaks batting - Pitching for Amarillo ThunderHeads : RHP Manny Campos
|
|
Batting: LHB Marcus Pollard
|
0-0: Ball 1-0: Called Strike 1-1: Foul Ball, location: 2F 1-2: Ground out 4-3 (Groundball, 4, EV 94.4 MPH)
|
|
Pitching: RHP Bryan Bennett
|
|
|
Batting: RHB Brian Rathbun
|
0-0: Ball 1-0: SOLO HOME RUN (Flyball, 7D, EV 99.4 MPH), Distance : 372 ft
|
|
Batting: RHB Tim Anderson
|
0-0: Ball 1-0: Swinging Strike 1-1: Foul Ball, location: 2F 1-2: Ball 2-2: Ball 3-2: Ground out 5-3 (Groundball, 56S, EV 70.0 MPH)
|
|
Batting: RHB Jim Conrad
|
0-0: Called Strike 0-1: Ball 1-1: Foul Ball, location: 2F 1-2: Foul Ball, location: 2F 1-2: Ball 2-2: Strikes out swinging, 2-3 out at first.
|
| Top of the 7th over - 1 run, 1 hit, 0 errors, 0 left on base; Oakland 1 - Amarillo 0 |
| BOTTOM OF THE 7TH |
|
Amarillo ThunderHeads batting - Pitching for Oakland Oaks : RHP Kyle Gilbert
|
|
Pitching: LHP Kevin Clark
|
|
|
Batting: RHB Nick Solberg
|
0-0: Foul Ball, location: 2F 0-1: Ball 1-1: Ball 2-1: Ball 3-1: Called Strike 3-2: Base on Balls
|
|
Batting: RHB Luis Solorzano
|
0-0: Called Strike 0-1: Ball 1-1: Foul Ball, location: 2F 1-2: Ball 2-2: Strikes out looking
|
|
Batting: RHB Jerry Foster
|
0-0: Ball 1-0: Ball 2-0: Called Strike 2-1: Fly out, F9 (Flyball, 9S, EV 80.6 MPH)
|
|
Batting: RHB Elias Sagrero
|
0-0: Ball 1-0: Called Strike 1-1: Ball 2-1: Swinging Strike 2-2: Foul Ball, location: 2F 2-2: Strikes out swinging
|
| Bottom of the 7th over - 0 runs, 0 hits, 0 errors, 1 left on base; Oakland 1 - Amarillo 0 |
| TOP OF THE 8TH |
|
Oakland Oaks batting - Pitching for Amarillo ThunderHeads : RHP Bryan Bennett
|
|
Batting: RHB Jake Leffel
|
0-0: Ball 1-0: DOUBLE (Flyball, 8RXD, EV 103.8 MPH)
|
|
Batting: RHB Marcus Kressley
|
0-0: Intentional Walk
|
|
Pinch Hitting: LHB Igor Ciobanu
|
0-0: Foul Ball, location: 2F 0-1: Foul Ball, location: 2F 0-2: Ball Wild Pitch! Jake Leffel to third Marcus Kressley to second 1-2: Foul Ball, location: 2F 1-2: Ball Passed Ball! Jake Leffel scores Marcus Kressley to third 2-2: Strikes out swinging
|
|
Batting: LHB Alejandro Muniz
|
0-0: Intentional Walk
|
|
Batting: RHB Chris Temple
|
0-0: Foul Ball, location: 2F 0-1: Ball 1-1: SINGLE (Line Drive, 78S, EV 86.9 MPH) Marcus Kressley scores Alejandro Muniz to second
|
|
Pitching: LHP Kevin Anderson
|
|
|
Batting: LHB Marcus Pollard
|
0-0: Called Strike 0-1: Called Strike 0-2: Ground out 6-3 (Groundball, 6MS, EV 86.3 MPH) Alejandro Muniz to third Chris Temple to second
|
|
Batting: RHB Brian Rathbun
|
0-0: Intentional Walk
|
|
Batting: RHB Tim Anderson
|
0-0: TRIPLE (Flyball, 9LD, EV 93.1 MPH) Alejandro Muniz scores Chris Temple scores Brian Rathbun scores
|
|
Batting: RHB Jim Conrad
|
0-0: Ball 1-0: Ball 2-0: Called Strike 2-1: Swinging Strike 2-2: Strikes out swinging
|
| Top of the 8th over - 5 runs, 3 hits, 0 errors, 1 left on base; Oakland 6 - Amarillo 0 |
| BOTTOM OF THE 8TH |
|
Amarillo ThunderHeads batting - Pitching for Oakland Oaks : LHP Kevin Clark
|
|
Now at 3B: David Sharp
|
|
|
Batting: SHB Tyler Romo
|
0-0: Called Strike 0-1: Foul Ball, location: 2F 0-2: Ball 1-2: Strikes out swinging
|
|
Batting: RHB Ferdi Schipper
|
0-0: Called Strike 0-1: Ball 1-1: Foul Ball, location: 2F 1-2: Ball 2-2: Ground out 6-3 (Groundball, 56, EV 98.8 MPH)
|
|
Batting: SHB Zack Barton
|
0-0: Ball 1-0: Ball 2-0: Swinging Strike 2-1: Fly out, F9 (Flyball, 9LS, EV 90.0 MPH)
|
| Bottom of the 8th over - 0 runs, 0 hits, 0 errors, 0 left on base; Oakland 6 - Amarillo 0 |
| TOP OF THE 9TH |
|
Oakland Oaks batting - Pitching for Amarillo ThunderHeads : LHP Kevin Anderson
|
|
Batting: RHB Jake Leffel
|
0-0: Ball 1-0: Called Strike 1-1: Swinging Strike 1-2: Ball 2-2: Strikes out swinging
|
|
Batting: RHB Marcus Kressley
|
0-0: Foul Ball, location: 2F 0-1: SOLO HOME RUN (Flyball, 78XD, EV 108.1 MPH), Distance : 431 ft
|
|
Batting: RHB David Sharp
|
0-0: Foul Ball, location: 2F 0-1: Foul Ball, location: 2F 0-2: Strikes out swinging
|
|
Batting: LHB Alejandro Muniz
|
0-0: Called Strike 0-1: Ball 1-1: Foul Ball, location: 2F 1-2: Ball 2-2: Strikes out swinging
|
| Top of the 9th over - 1 run, 1 hit, 0 errors, 0 left on base; Oakland 7 - Amarillo 0 |
| BOTTOM OF THE 9TH |
|
Amarillo ThunderHeads batting - Pitching for Oakland Oaks : LHP Kevin Clark
|
|
Pinch Hitting: RHB Bill Flannery
|
0-0: Ball 1-0: Ball 2-0: Called Strike 2-1: Foul Ball, location: 2F 2-2: Ball 3-2: Strikes out swinging
|
|
Pinch Hitting: RHB Carlos Munos
|
0-0: Ball 1-0: Called Strike 1-1: Foul Ball, location: 2F 1-2: Ball 2-2: Foul Ball, location: 2F 2-2: Fly out, F7 (Flyball, 7LM, EV 75.0 MPH)
|
|
Pinch Hitting: RHB Kelly Cole
|
0-0: Ground out 1-3 (Groundball, 15S, EV 71.9 MPH)
|
| Bottom of the 9th over - 0 runs, 0 hits, 0 errors, 0 left on base; Oakland 7 - Amarillo 0 |
|